doctor sayers, lawful male human Samurai --------- ################################## |......<.###### --- ---# |.......| # . .|# ---.----- ### -------- .---- -.|# 0###### # # |?++|..-------.|..| |.|# # ### ###| |++.|. |.....|.|.. +.|# ### # #|. |...||-|.._(.|.-|-- ----.|# # ### #|...-|---..|.....|....-+---....|# ### # #|..........|.....|.............|### --------- # ### #|........{.---|---.{...........| # |).%..>.| ## # #|.............../.........%@...| ##....%^..| ---|----.- |...--|--........)^.--+-|---...| # |.......| |........| |... .. --------.---- |...|%..|### --------- |........| |.. ((( |!%.|.| |[.%|...|# |........| |.. |((( |%%.-.+ |%)%|.@.|# |........| |.. -----+------.---- -----).@.# ---------- |..............................| -------------------------------- doctor sayers the Ninja Experience level: 7 Strength: 15 Dexterity: 15 Constitution: 18 Intelligence: 10 Wisdom: 9 Charisma: 9 Health: 0(67) Energy: 28(28) AC: 0 Gold: 1550 Moves: 3753 Your Inventory: Coins $ - 1550 gold pieces Weapons a - an uncursed +0 katana b - an uncursed +3 wakizashi (weapon in hand) c - an uncursed +0 yumi (alternate weapon; not wielded) d - 15 uncursed +0 ya u - a [cursed -1] elven arrow z - 9 [cursed +0] darts (in quiver) P - 7 [uncursed +0] arrows Armor e - an uncursed rustproof +1 splint mail (being worn) k - an uncursed +0 orcish helm (being worn) q - an uncursed +1 pair of combat boots [water walking] (being worn) y - an [uncursed +0] mummy wrapping Comestibles n - a blessed tin of newt meat E - 5 uncursed apples F - 2 uncursed gunyoki G - 6 uncursed oranges H - 3 uncursed tripe rations Spellbooks Z - an [uncursed] light blue spellbook [of healing] Potions l - an uncursed potion of levitation Rings N - a blessed +1 ring of gain intelligence (on right hand) O - an uncursed +3 ring of gain dexterity (on left hand) Tools f - an uncursed blindfold t - an uncursed credit card D - an uncursed towel M - a blessed [magic] lamp (lit) R - an uncursed tinning kit [0:53] Gems v - an uncursed orange gem [worthless glass] Q - 2 uncursed yellow gems [worthless glass] U - an uncursed white gem [worthless glass] W - an [uncursed] white gem [diamond] Spells known in the end: Name Level Category Fail Memory Your skills at the end: Fighting Skills martial arts [Basic] Weapon Skills short sword [Basic] long sword [Basic] bow [Basic] Spellcasting Skills Final Attributes: You were piously aligned. Hunger level was 900. Your alignment was 26 / 28. Monster difficulty range was 0 - 6. Level difficulty was 5. You could walk on water. You were fast. Your luck was zero. You are dead. Vanquished creatures: a watchman a raven a gnome mummy a snake a human zombie a rock piercer a fog cloud a shrieker 3 gnome lords a gnomish wizard a gray ooze a little dog a floating eye 2 dwarves 5 hill orcs an orc zombie 5 dwarf zombies 2 iguanas a coyote a hobgoblin a red mold 21 gnomes 6 Keystone Kops 5 geckos a jackal a fox 2 goblins 2 sewer rats 3 grid bugs a bat 2 lichens 5 newts 82 creatures vanquished. Voluntary challenges: You used a wielded weapon 101 times. You read items or engraved 21 times. You put on armor 6 times. You never genocided any monsters. You never polymorphed an object. You never changed form. You used no wishes. You wrote Elbereth's name 16 times. You encountered 2 bones levels. You never used any Sokoban shortcuts. Dungeon overview: The Dungeons of Doom: levels 1 to 8 Level 1 a long staircase Level 2 a general store, an altar stairs to The Gnomish Mines Level 3 a fountain Level 4 a fountain The Gnomish Mines: levels 3 to 5 Level 3 stairs to The Dungeons of Doom Level 5 <- You were here many shops, a temple, a magic chest, some fountains History has recorded: On T:1 you entered the Dungeons of Doom to retrieve the Amulet of Yendor! On T:380 you reached level 2 of The Dungeons of Doom. On T:895 you advanced to experience level 2. On T:1026 you advanced to experience level 3. On T:1242 you reached level 3 of The Dungeons of Doom. On T:1547 you advanced to experience level 4. On T:1616 you reached level 4 of The Dungeons of Doom. On T:1813 you advanced to experience level 5. On T:1877 you reached level 5 of The Dungeons of Doom. On T:1955 you advanced to experience level 6. On T:1964 you reached level 6 of The Dungeons of Doom. On T:2041 you reached level 7 of The Dungeons of Doom. On T:2086 you reached level 8 of The Dungeons of Doom. On T:2661 you reached level 1 of The Gnomish Mines. On T:2754 you advanced to experience level 7. On T:2838 you reached level 2 of The Gnomish Mines. On T:3492 you reached level 3 of The Gnomish Mines. Latest messages: The tripe ration misses the watch captain. The watch captain wields a long sword! [HP+1=65] You miss the watch captain. The watch captain swings her long sword. The watch captain hits! The watch captain swings her long sword. The watch captain just misses! [HP-13=52] You miss the watch captain. (2x) The watch captain swings her long sword. The watch captain hits! The watch captain swings her long sword. The watch captain hits! [HP-28=24] You hit the watch captain! The watch captain swings her long sword. The watch captain hits! The watch captain swings her long sword. The watch captain hits! You die... Final status: Sayonara doctor sayers the Samurai... You died in The Gnomish Mines on dungeon level 5 with 2505 points, and 1550 pieces of gold, after 3753 moves. You were level 7 with a maximum of 67 hit points when you died.